 Dungeon Crawl Stone Soup version 0.24-a0-525-g9231cdcba1 (webtiles) character file.

Game seed: 3728015519673674020

391 Peloso the Shield-Bearer (level 6, -7/55 HPs)
             Began as a Minotaur Fighter on Aug 2, 2019.
             Killed by nerve-wracking pain
             ... invoked by an orc priest
              (14 damage)
             ... on level 3 of the Dungeon.
             The game lasted 00:04:03 (2546 turns).

Peloso the Shield-Bearer (Minotaur Fighter)         Turns: 2546, Time: 00:04:03

Health: -7/55      AC:  8    Str: 21    XL:     6   Next: 50%
Magic:  5/5        EV:  8    Int:  5    God:
Gold:   140        SH: 10    Dex: 14    Spells: 5/5 levels left

rFire    . . .     SeeInvis .   a - +0 falchion (holy)
rCold    . . .     Gourm    .   c - +0 shield
rNeg     . . .     Faith    .   b - +0 scale mail
rPois    .         Spirit   .   (helmet restricted)
rElec    .         Reflect  .   (no cloak)
rCorr    .         Harm     .   q - +0 pair of gloves (curse)
MR       .....                  (no boots)
Stlth    ..........             (no amulet)
HPRegen  0.18/turn              l - +3 ring of dexterity
MPRegen  0.09/turn              (no ring)

@: no status effects
A: retaliatory headbutt, horns 2
a: no special abilities


You were on level 3 of the Dungeon.
You were very hungry.

You visited 1 branch of the dungeon, and saw 3 of its levels.

You collected 140 gold pieces.

Inventory:

Hand Weapons
 a - a +0 falchion of holy wrath (weapon)
Armour
 b - a +0 scale mail (worn)
 c - a +0 shield (worn)
 q - a cursed +0 pair of gloves (worn)
Jewellery
 l - a +3 ring of dexterity (left hand)
 n - an uncursed amulet of the acrobat
Wands
 j - a wand of digging (5)
Scrolls
 d - 3 scrolls of identify {unknown}
 e - a scroll of enchant weapon {unknown}
 g - 3 scrolls of teleportation {unknown}
 h - a scroll of magic mapping {unknown}
 m - a scroll of remove curse {unknown}
 o - a scroll of enchant armour {unknown}
Potions
 i - a potion of degeneration {unknown}
 k - a potion of curing {unknown}
 p - a potion of brilliance {unknown}
 r - a potion of haste
Comestibles
 f - 4 rations


   Skills:
 + Level 4.9 Fighting
 + Level 5.1 Long Blades
 + Level 4.9 Armour
 + Level 1.2 Dodging
 + Level 0.1 Stealth
 + Level 5.6 Shields


You had 5 spell levels left.
You didn't know any spells.
Your spell library contained the following spells:

 Spells                   Type           Power        Failure   Level  Hunger
 Confusing Touch          Hex            #.....       99%         1    ##.....
 Summon Small Mammal      Summ           #...         99%         1    ##.....
 Call Imp                 Summ           #.......     100%        2    ###....
 Call Canine Familiar     Summ           #.......     100%        3    ####...
 Confuse                  Hex            #.......     100%        3    ####...
 Gell's Gravitas          Tloc           #.........   100%        3    ####...
 Summon Guardian Golem    Hex/Summ       #.......     100%        3    ####...
 Petrify                  Tmut/Erth      #.......     100%        4    #####..
 Summon Ice Beast         Ice/Summ       #.......     100%        4    #####..
 Summon Lightning Spire   Summ/Air       #.......     100%        4    #####..
 Metabolic Englaciation   Hex/Ice        #.........   100%        5    ######.
 Yara's Violent Unravell  Hex/Tmut       #.........   100%        5    ######.


Dungeon Overview and Level Annotations

Branches:
Dungeon (3/15)

Altars:


Innate Abilities, Weirdness & Mutations

You reflexively headbutt those who attack you in melee.
You have a pair of horns on your head.


Message History

The orc priest hits you but does no damage.
Unknown command.
You hit the orc priest. You headbutt the orc priest.
The orc priest is almost dead.
You block the orc priest's attack. x2
Unknown command.
You hit the orc priest.
You kill the orc priest!
The orc priest hits you but does no damage.
Your scale mail prevents you from hitting the orc priest.
You block the orc priest's attack.
You slash the orc priest!
The orc priest is severely wounded.
The orc priest looks braver for a moment.
Your scale mail prevents you from hitting the orc priest.
Your headbutt misses the orc priest.
The orc priest is severely wounded.
The orc priest invokes the aid of Beogh against you.
Pain shoots through your body!
You die...

#...................^
#.####......#########
#.# #).....# #.#
######## #.#####
#.#...###############
#>?...............)..
###o).###############
#.@.# ######### #####
#.......) #.#######
#รท#<).# #)###.#
#.(...# #######


You could see an orc priest.

Vanquished Creatures
  An ogre (D:2)
  A centaur (D:3)
  A bullfrog (D:2)
  An orc priest (D:3)
  A worker ant (D:3)
  4 adders
  An ooze (D:1)
  2 worms
  A dart slug (D:1)
  2 leopard geckos
  5 orcs (D:3)
  8 bats
  2 giant cockroaches (D:1)
  5 goblins
  8 hobgoblins
  4 jackals (D:3)
  5 kobolds
  3 frilled lizards
  8 rats
63 creatures vanquished.

Notes
Turn   | Place    | Note
-------+----------+-------------------------------------------
     0 | D:1      | Peloso the Minotaur Fighter began the quest for the Orb.
     0 | D:1      | Reached XP level 1. HP: 19/19 MP: 0/0
    97 | D:1      | Reached XP level 2. HP: 21/27 MP: 1/1
   138 | D:1      | You fall into a shaft and drop 1 floor!
   197 | D:2      | Noticed an ogre
   213 | D:2      | Killed an ogre
   213 | D:2      | Reached XP level 3. HP: 3/34 MP: 2/2
   213 | D:2      | Reached XP level 4. HP: 3/41 MP: 3/3
   216 | D:2      | HP: 2/41 [kobold/+0 short sword (1)]
   713 | D:2      | Reached skill level 5 in Shields
  1152 | D:1      | Reached XP level 5. HP: 47/47 MP: 4/4
  1869 | D:3      | Noticed a centaur
  2181 | D:3      | Killed a centaur
  2181 | D:3      | Reached skill level 1 in Dodging
  2181 | D:3      | Reached XP level 6. HP: 41/55 MP: 5/5
  2320 | D:3      | Reached skill level 5 in Long Blades
  2546 | D:3      | Killed from afar by an orc priest

Levels and vault maps discovered:
D:1:      onia_arrival_mini_spirals, layout_loops_corners
D:2:      layout_loops_ring
D:3:      layout_basic

Skill      XL: |  1  2  3  4  5  6 |
---------------+-------------------+-----
Shields        | 4 5 |  5.6
Fighting       | 4 |  4.9
Long Blades    | 3 4 5 |  5.1
Armour         | 4 |  4.9
Dodging        | 1 |  1.2
Stealth        | |  0.1

Action                   |  1- 3 |  4- 6 || total
-------------------------+-------+-------++-------
Melee: Long sword        |    36 |   112 ||   148
       Headbutt          |     4 |    19 ||    23
       Falchion          |       |    11 ||    11
  Use: Potion            |     1 |       ||     1
  Eat: Chunk             |       |     4 ||     4
Armor: Scale mail        |    25 |    38 ||    63
Dodge: Dodged            |    16 |    41 ||    57
Block: Shield            |    31 |    87 ||   118
       Rpst.: Long sword |     4 |     8 ||    12

Table legend:
 A = Non-vault XP
 B = Vault XP
 C = Vault XP percentage of total XP
 D = Non-vault monster count
 E = Vault monster count
 F = Vault count percentage of total count
                 A         B        C        D         E       F
            +---------+---------+-------+---------+---------+-------
      Total |     559 |       0 |   0.0 |      63 |       0 |   0.0
            +---------+---------+-------+---------+---------+-------
        D:1 |      30 |       0 |   0.0 |      14 |       0 |   0.0
        D:2 |     265 |       0 |   0.0 |      18 |       0 |   0.0
        D:3 |     264 |       0 |   0.0 |      31 |       0 |   0.0
            +---------+---------+-------+---------+---------+-------
